 Dungeon Crawl Stone Soup version 0.17-a0-1625-g47e540b (webtiles) character file.

492 matakusis the Ducker (level 6, -11/47 HPs)
             Began as a Demonspawn Gladiator on Aug 2, 2015.
             Was an Initiate of Qazlal.
             Mangled by Duvessa
             ... wielding a +3 short sword of venom
              (18 damage)
             ... on level 4 of the Dungeon.
             The game lasted 00:18:30 (4487 turns).

matakusis the Ducker (Demonspawn Gladiator)         Turns: 4487, Time: 00:18:30

Health: -11/47     AC:  6    Str: 17    XL:     6   Next: 91%
Magic:  0/6        EV: 14    Int:  9    God:    Qazlal [......]
Gold:   133        SH:  0    Dex: 14    Spells: 0 memorised, 5 levels left

rFire  . . .     SeeInvis .     a - +0 war axe
rCold  . . .     Clarity  .     e - +1 robe {MR+}
rNeg   . . .     SustAt   .     (no shield)
rPois  .         Gourm    .     (helmet restricted)
rElec  .         Spirit   +     w - +0 cloak {MR+}
rCorr  .         Warding  .     (no gloves)
rMut   .         Stasis   .     (no boots)
MR     ++...                    (no amulet)
Stlth  +.........               (no ring)
                                (no ring)

@: lethally poisoned (-11 -> -19), very resistant to hostile enchantments, very
unstealthy
A: antennae 1, thin metallic scales 1, magic shield
a: Renounce Religion


You were on level 4 of the Dungeon.
You worshipped Qazlal.
Qazlal was noncommittal.
You were not hungry.

You visited 1 branch of the dungeon, and saw 4 of its levels.

You collected 133 gold pieces.

Inventory:

Hand weapons
 a - a +0 war axe (weapon)
 c - a +0 hammer
Missiles
 d - 3 throwing nets (quivered)
 o - 2 tomahawks of dispersal
Armour
 b - a +0 leather armour
 e - a +1 robe of magic resistance (worn)
 w - a +0 cloak of magic resistance (worn)
Scrolls
 g - 2 scrolls of teleportation
 l - a scroll of identify
 m - a scroll of immolation
 v - a scroll of blinking {unknown}
 y - 2 scrolls of fear
Potions
 f - a potion of agility
 h - a potion of might {unknown}
 i - a potion of beneficial mutation
 j - 2 potions of brilliance
 p - 2 potions of cure mutation
 q - 2 potions of mutation {unknown}
 r - a potion of ambrosia {unknown}
 u - a potion of degeneration {unknown}
Comestibles
 k - a bread ration
 n - 2 chunks of flesh
 s - 3 meat rations
 t - a royal jelly
 x - a slice of pizza
 z - 5 fruits


   Skills:
 + Level 3.6 Fighting
 + Level 4.2 Axes
 - Level 1.7 Throwing
 + Level 2.6 Armour
 + Level 4.8 Dodging


You had 5 spell levels left.
You didn't know any spells.

Dungeon Overview and Level Annotations

Branches:
Dungeon (4/15)
 Temple: D:4-7

Altars:
Gozag
Qazlal
Xom

Annotations:
D:4 Duvessa


Innate Abilities, Weirdness & Mutations

You have a pair of small antennae on your head.
You are partially covered in thin metallic scales (AC +2).
When hurt, damage is shared between your health and your magic reserves.


Message History

The iguana is lightly wounded.
Duvessa misses you. The iguana bites you!
Duvessa hits you with a short sword of venom.
You are poisoned.
You slash Duvessa!
Duvessa is moderately wounded.
You hit the iguana but do no damage.
The iguana is lightly wounded.
You feel sick. Duvessa barely misses you. The iguana misses you.
Duvessa barely misses you.
You hit Duvessa.
Duvessa is moderately wounded.
You hit the iguana.
The iguana is moderately wounded.
You feel sick.
Duvessa hits you with a short sword of venom!
* * * LOW HITPOINT WARNING * * *
The iguana misses you.
Duvessa hits you with a short sword of venom!!
You die...

...^..#* *#..#* ##..## ..#≈#..*
**...* ##...## #^≈.#,,***,,,**
*##.....## .≈≈.#,,,*,,,,*
*#........##
.^^##*,,,..,######....###...#
#### *,,,...#........#* ##..#
******,,,....?.......# #..##
..,,,,,,,......e)....# ##.>#
..,,,,,,,,,,,,*#@....# #..##
..,,,,**,,,,**##l....# ##...###
..,,,****,,*###......#####.......
..,,** *,,##..<.................
##*** **.......................
*........######.......#.[
*#......## ##.....####.
###....,** ##....### ##
###..,,**#...### #


You could see Duvessa (berserk) and an iguana.

Vanquished Creatures
  A scorpion (D:4)
  Dowan (D:4)
  Crazy Yiuf (D:2)
  2 orc priests (D:4)
  An orc wizard (D:4)
  Jessica (D:3)
  A worker ant (D:4)
  Robin (D:3)
  4 gnolls (D:3)
  7 adders
  3 oozes
  2 worms (D:2)
  2 giant geckos
  10 orcs
  5 bats
  18 goblins
  9 hobgoblins
  2 quokkas
  A ball python (D:3)
  6 giant cockroaches
  4 giant newts
  4 jackals (D:4)
  5 kobolds
  6 rats
97 creatures vanquished.

Notes
Turn   | Place    | Note
--------------------------------------------------------------
     0 | D:1      | matakusis the Demonspawn Gladiator began the quest for the Orb.
     0 | D:1      | Reached XP level 1. HP: 16/16 MP: 1/1
   131 | D:1      | Reached skill level 3 in Dodging
   168 | D:1      | Gained mutation: You have a pair of small antennae on your head. [demonic ancestry]
   168 | D:1      | Reached XP level 2. HP: 22/22 MP: 2/2
   185 | D:1      | You fall through a shaft!
   434 | D:2      | Gained mutation: When hurt, damage is shared between your health and your magic reserves. [demonic ancestry]
   434 | D:2      | Reached XP level 3. HP: 19/27 MP: 3/3
   514 | D:2      | Reached skill level 1 in Armour
   744 | D:2      | Reached XP level 4. HP: 23/34 MP: 4/4
   786 | D:2      | Found a shimmering altar of Xom.
  1237 | D:2      | Noticed Crazy Yiuf
  1247 | D:2      | Killed Crazy Yiuf
  1291 | D:3      | Found an opulent altar of Gozag.
  1369 | D:3      | Noticed Robin
  1377 | D:3      | Reached skill level 4 in Dodging
  1391 | D:3      | Killed Robin
  1544 | D:3      | Reached XP level 5. HP: 35/39 MP: 5/5
  2159 | D:3      | Noticed Jessica
  2163 | D:3      | Killed Jessica
  2954 | D:4      | Gained mutation: You are partially covered in thin metallic scales (AC +2). [demonic ancestry]
  2954 | D:4      | Reached XP level 6. HP: 32/47 MP: 3/6
  3534 | D:4      | Found a stormy altar of Qazlal.
  3547 | D:4      | Became a worshipper of Qazlal Stormbringer
  4275 | D:4      | Noticed Duvessa
  4275 | D:4      | Noticed Dowan
  4279 | D:4      | Noticed an ogre
  4485 | D:4      | Killed Dowan
  4487 | D:4      | Mangled by Duvessa

Vault maps used:
D:1:      dpeg_arrival_tiny_f
D:2:      lemuel_round_altar, minmay_unequal, uniq_crazy_yiuf_cottage
D:3:      nicolae_gozag_seed_capital, uniq_jessica, uniq_robin
D:4:      grunt_qazlal_sundering, first_bread, serial_shops,
          nicolae_shop_temple_entry_statues_fountains, nrook_mini_vaults,
          tgw_kikubaaqudgha, uniq_duvessa

Action                   |  1- 3 |  4- 6 || total
-------------------------+-------+-------++-------
Melee: War axe           |   128 |   217 ||   345
  Use: Potion            |     2 |     1 ||     3
       Scroll            |       |    14 ||    14
  Eat: Chunk             |       |     6 ||     6
       Bread ration      |       |     2 ||     2
